 Dungeon Crawl Stone Soup version 0.31.0-11-ge490571c62 (webtiles) character file.

Game seed: 11070073171160061656

731 Faeranduil the Apothecary (level 7, -6/41 HPs)
             Began as an Octopode Alchemist on Feb 8, 2024.
             Mangled by an ogre
             ... wielding a +0 giant club
              (12 damage)
             ... on level 6 of the Dungeon.
             The game lasted 00:16:56 (7593 turns).

Faeranduil the Apothecary (Octopode Alchemist)      Turns: 7593, Time: 00:16:56

Health: -6/41      AC:  1    Str:  7    XL:     7   Next: 73%
Magic:  9/13       EV: 13    Int: 19    God:
Gold:   392        SH:  0    Dex: 13    Spells: 8/14 levels left

rFire   . . .        k - +2 hand axe (venom)
rCold   . . .        (no shield)
rNeg    . . .        (helmet restricted)
rPois   .            (no amulet)
rElec   .            u - ring of flight
rCorr   .            (no ring)
SInv    .            (no ring)
Will    .....        (no ring)
Stlth   +++          (no ring)
HPRegen 0.26/turn    (no ring)
MPRegen 0.13/turn    (no ring)
                     (no ring)

%: no passive effects
@: lethally poisoned (-6 -> -19), flying
A: almost no armour, amphibious, 8 rings, camouflage 1, gelatinous body 1,
(nimble swimmer 1), tentacles
a: no special abilities


You were on level 6 of the Dungeon.
You visited 2 branches of the dungeon, and saw 7 of its levels.

You collected 392 gold pieces.

Inventory:

Hand Weapons
 k - a +2 hand axe of venom (weapon)
 s - the +7 spear of the Disturbing Tales {drain, *Rage rC+ Will+}
   (You found it on level 4 of the Dungeon)

   rC+:       It protects you from cold.
   Will+:     It increases your willpower.
   *Rage:     It berserks you when you make melee attacks (+20% chance).
Armour
 e - a +1 kite shield
Jewellery
 u - a ring of flight (left tentacle)
 v - a ring of ice
Wands
 x - a wand of mindburst (14)
Scrolls
 c - a scroll of butterflies {unknown}
 f - 2 scrolls of teleportation
 i - a scroll of enchant armour
 j - a scroll of noise {unknown}
 l - a scroll of vulnerability
 n - a scroll of torment {unknown}
 q - a scroll of immolation {unknown}
 r - a scroll of poison {unknown}
 t - a scroll of revelation {unknown}
 w - a scroll of fog {unknown}
Potions
 a - 2 potions of magic
 b - a potion of ambrosia
 d - 2 potions of brilliance
 g - 3 potions of cancellation
 h - 2 potions of enlightenment {unknown}
 m - 4 potions of mutation
 o - a potion of heal wounds {unknown}
 p - 2 potions of degeneration {unknown}


   Skills:
 - Level 2.0 Dodging
 - Level 2.6 Stealth
 + Level 4.3 Spellcasting
 + Level 2.2 Conjurations
 + Level 2.5 Air Magic
 * Level 7.4 Alchemy


You had 8 spell levels left.
You knew the following spells:

 Your Spells              Type           Power      Damage    Failure   Level
a - Sting                 Conj/Alch      88%        1d8       1%          1
d - Mephitic Cloud        Conj/Alch/Air  19%        N/A       8%          3
f - Mercury Vapours       Alch/Air       46%        N/A       2%          2

Your spell library contained the following spells:

 Spells                   Type           Power      Damage    Failure   Level
 Magic Dart               Conj           48%        1d5       5%          1
 Olgreb's Toxic Radiance  Alch           32%        N/A       6%          4
 Momentum Strike          Conj/Tloc      16%        3d8       13%         2
 Freeze                   Ice            16%        1d4       14%         1
 Slow                     Hex            16%        N/A       14%         1
 Summon Small Mammal      Summ           16%        N/A       14%         1
 Alistair's Intoxication  Alch           21%        N/A       17%         5
 Blink                    Tloc           8%         N/A       21%         2
 Call Imp                 Summ           8%         N/A       21%         2
 Lesser Beckoning         Tloc           8%         N/A       21%         2
 Dazzling Flash           Conj/Hex       16%        N/A       26%         3
 Hailstorm                Conj/Ice       8%         3d5       26%         3
 Sticky Flame             Fire/Alch      18%        2d6       28%         4
 Call Canine Familiar     Summ           4%         N/A       38%         3
 Confusing Touch          Hex            4%         N/A       38%         3
 Frozen Ramparts          Ice            8%         1d2       38%         3
 Sigil of Binding         Hex            4%         N/A       38%         3
 Vampiric Draining        Necr           4%         2d6       38%         3
 Eringya's Noxious Bog    Alch           16%        4d6       67%         6
 Summon Blazeheart Golem  Fire/Summ      4%         N/A       80%         4
 Silence                  Hex/Air        4%         N/A       92%         5
 Borgnjor's Vile Clutch   Necr/Erth      2%         N/A       98%         5
 Curse of Agony           Necr           4%         N/A       98%         5


Dungeon Overview and Level Annotations

Branches:
Dungeon (6/15)             Temple (1/1) D:6

Altars:
Dithmenos
Elyvilon
Kikubaaqudgha
Nemelex Xobeh
Okawaru
Qazlal
Trog
Xom
Yredelemnul
The Shining One

Shops:
D:6 *


Innate Abilities, Weirdness & Mutations

You cannot wear most types of armour.
You are amphibious.
You can wear up to eight rings at the same time.
Your skin changes colour to match your surroundings (Stealth+).
Your rubbery body absorbs attacks. (AC +1, EV +1)
((You are camouflaged when in or above water. (Stealth+)))
You have tentacles for arms and can constrict up to eight enemies at once.


Message History

Aim: an orc, wielding a +0 dagger and wearing a +0 leather armour (heavily wounded, poisoned, 76% to hit)
The sting hits the orc.
The orc looks even sicker.
The orc is almost dead.
An ogre comes into view. It is wielding a +0 giant club.
The orc barely misses you.
You closely miss the orc.
The ogre shouts!
Your grab misses the orc. Your squeeze misses the orc.
The orc is almost dead.
You kill the orc!
The scorpion misses you.
You barely miss the scorpion. Your grab misses the scorpion.
Your squeeze misses the scorpion. The scorpion stings you!
You are poisoned.
The scorpion poisons you!
You closely miss the scorpion. You grab the scorpion. You squeeze the scorpion.
The scorpion is lightly wounded.
You constrict the scorpion.
You feel very sick. The scorpion stings you. x2
You hit the scorpion but do no damage.
The scorpion is poisoned.
The scorpion is moderately wounded.
You constrict the scorpion.
You feel sick. The scorpion closely misses you. The scorpion barely misses you.
You hit the ogre.
The ogre is poisoned.
The ogre is moderately wounded.
You hit the scorpion.
The scorpion looks as sick as possible!
You constrict the scorpion.
You feel sick. The ogre barely misses you. The scorpion stings you.
* * * LOW HITPOINT WARNING * * *
You are lethally poisoned!
The scorpion poisons you!
You hit the scorpion but do no damage.
The scorpion looks as sick as possible!
The scorpion is almost dead.
You barely miss the ogre. You constrict the scorpion.
You kill the scorpion!
* * * LOW HITPOINT WARNING * * *
You feel very sick. The ogre hits you with a +0 giant club!
You die...

....... ...... ..
#..... ... #.... #...
##...##....
##.......# #..#
##..O?..# #..# .
##....@)# #..#
..###.......# #..#
...........##
#..#####
#.........#####
##.......
##.....####..###....#
#.....###.))).....# .
#......##.######..#
.. #...##....# ##.#
#.# #..# ######
##.####.#


You could see an ogre (very poisoned).

Vanquished Creatures
  Eustachio (D:6)
  A bullfrog (D:6)
  2 scorpions
  2 electric eels (D:6)
  3 hounds
  A jelly (D:5)
  2 iguanas
  An orc wizard (D:2)
  7 adders
  3 dart slugs
  20 orcs
  7 endoplasms
  2 giant cockroaches
  9 goblins
  4 hobgoblins
  6 jackals (D:1)
  2 quokkas
  10 ball pythons
  4 bats
  4 frilled lizards
  7 kobolds
  5 rats
103 creatures vanquished.

Notes
Turn   | Place    | Note
-------+----------+-------------------------------------------
     0 | D:1      | Faeranduil the Octopode Alchemist began the quest for the
                  | Orb.
     0 | D:1      | Reached XP level 1. HP: 11/11 MP: 3/3
   279 | D:1      | Reached XP level 2. HP: 17/17 MP: 3/5
   599 | D:1      | Reached skill level 4 in Alchemy
   677 | D:1      | Reached XP level 3. HP: 13/21 MP: 0/6
  2336 | D:2      | Reached XP level 4. HP: 6/27 MP: 3/8
  2668 | D:3      | Reached skill level 5 in Alchemy
  3530 | D:3      | Found a stormy altar of Qazlal.
  3695 | D:3      | Reached XP level 5. HP: 24/31 MP: 1/9
  4516 | D:4      | Identified the +7 spear of the Disturbing Tales {drain,
                  | *Rage rC+ Will+}
  4794 | D:4      | Learned a level 2 spell: Mercury Vapours
  4806 | D:5      | Entered Level 5 of the Dungeon
  4837 | D:5      | Reached skill level 6 in Alchemy
  5034 | D:5      | Reached XP level 6. HP: 36/36 MP: 7/11
  5240 | D:5      | Reached skill level 1 in Air Magic
  5341 | D:5      | Found a shadowy altar of Dithmenos.
  5830 | D:6      | Found Zaamouwk's General Store.
  6319 | D:6      | Found a staircase to the Ecumenical Temple.
  6326 | D:6      | Noticed Eustachio
  6331 | Temple   | Entered the Ecumenical Temple
  6498 | D:6      | Killed Eustachio
  6499 | D:6      | Reached skill level 7 in Alchemy
  6499 | D:6      | Reached XP level 7. HP: 27/41 MP: 10/13
  6933 | D:6      | Learned a level 3 spell: Mephitic Cloud
  7156 | D:6      | HP: 1/41 [electric eel/bolt of electricity (15)]
  7593 | D:6      | Mangled by an ogre

Illustrated notes

Levels and vault maps discovered:
D:1:      kilobyte_arrival_exit_the_forest, layout_rooms,
          corexii_leaking_fountain
D:2:      layout_basic
D:3:      layout_basic, lemuel_crystal_altar, amcnicky_mini_corridor_feature,
          grunt_ministairs_7, dk_vineyard_2, chequers_serial_rivers_room_b,
          minmay_misc_feat_alley, dk_noncrumbling_3, minivault_19
D:4:      layout_rooms
D:5:      layout_loops_cross, nicolae_dithmenos_through_a_glass_darkly
D:6:      layout_layer_cave, kennysheep_little_box, minitemple,
          minmay_temple_entry_antechambers, serial_shops,
          nicolae_inconvenience_store, water_boxes_lemuel, uniq_eustachio
Temple:   hellmonk_temple_flake

Skill      XL: |  1  2  3  4  5  6  7 |
---------------+----------------------+-----
Alchemy        | 4 5 6 7 |  7.4
Spellcasting   | 3 4 |  4.3
Air Magic      | 2 |  2.5
Conjurations   | 2 |  2.2
Dodging        | |  2.0
Stealth        | |  2.6

Action                     |  1- 3 |  4- 6 |  7- 9 || total
---------------------------+-------+-------+-------++-------
  Melee: Unarmed           |     2 |       |       ||     2
         Dagger            |    11 |     2 |       ||    13
         Tentacles         |     4 |     7 |     7 ||    18
         Constrict         |     3 |     7 |     5 ||    15
         Hand axe          |       |    24 |    19 ||    43
   Cast: Sting             |    70 |   126 |    23 ||   219
    Use: Scroll            |       |     6 |     1 ||     7
         Potion            |       |     1 |       ||     1
 Armour: Skin              |    20 |    56 |    22 ||    98
  Dodge: Dodged            |    24 |    66 |    10 ||   100
